 Dungeon Crawl Stone Soup version 0.18.1-48-g4cf74bf (console) character file.

3159 Kloppie the Spear-Bearer (level 9, -6/76 HPs)
             Began as a Demonspawn Berserker on Aug 17, 2016.
             Was an Elder of Trog.
             Shot with an arrow by a centaur (11 damage)
             ... on level 7 of the Dungeon.
             The game lasted 00:12:10 (6858 turns).

Kloppie the Spear-Bearer (Demonspawn Berserker)     Turns: 6858, Time: 00:12:11

Health: -6/76      AC:  9    Str: 17    XL:     9   Next: 62%
Magic:  9/9        EV: 15    Int: 12    God:    Trog [****..]
Gold:   239        SH:  0    Dex: 21    Spells: 0 memorised, 8 levels left

rFire  . . .     SeeInvis .     a - +2 trident
rCold  . . .     Gourm    .     j - +0 scale mail
rNeg   . . .     Faith    .     (no shield)
rPois  .         Spirit   .     (helmet restricted)
rElec  .         Dismiss  .     r - +0 cloak
rCorr  .         Reflect  .     e - +0 pair of gloves
SustAt .         Harm     .     (no boots)
MR     ++...                    (no amulet)
Stlth  ++........               (no ring)
                                n - +3 ring of intelligence

@: agile, flying, regenerating, very resistant to hostile enchantments,
unstealthy
A: antennae 2, nightstalker 1, spiny 2
a: Berserk, Trog's Hand, Brothers in Arms, Burn Spellbooks, Renounce Religion


You were on level 7 of the Dungeon.
You worshipped Trog.
Trog was greatly pleased with you.
You were very hungry.

You visited 1 branch of the dungeon, and saw 7 of its levels.

You collected 390 gold pieces.
You spent 151 gold pieces at shops.

Inventory:

Hand Weapons
 a - a +2 trident (weapon)
Armour
 e - a +0 pair of gloves (worn)
 j - a +0 scale mail (worn)
 r - a +0 cloak (worn)
Jewellery
 n - a +3 ring of intelligence (left hand)
Wands
 b - a wand of digging (10/24)
 m - a wand of flame (6/48)
Scrolls
 h - a scroll of teleportation
 o - a scroll of magic mapping {unknown}
 s - a scroll of remove curse
 t - a scroll of enchant armour {unknown}
 u - a scroll of fear
 w - a scroll of noise {unknown}
Potions
 i - 2 potions of agility
 l - 2 potions of degeneration {unknown}
 p - 2 potions of haste {unknown}
 v - a potion of magic {unknown}
 x - a potion of mutation {unknown}
Books
 q - a Grand Grimoire

   Spells                             Type                      Level
   a - Monstrous Menagerie            Summoning                    7
   b - Summon Greater Demon           Summoning                    7
   c - Malign Gateway                 Summoning/Translocation      7
   d - Summon Horrible Things         Summoning                    8
   Trog disapproves of the use of such an item.
Comestibles
 c - 3 bread rations
 d - 5 meat rations
 f - a slice of pizza
 k - 2 beef jerkies


   Skills:
 - Level 9.0 Fighting
 + Level 9.3 Polearms
 + Level 4.3 Armour
 - Level 1.7 Dodging


You had 8 spell levels left.
You didn't know any spells.

Dungeon Overview and Level Annotations

Branches:
Dungeon (7/15)             Temple (0/1) D:5

Altars:
Cheibriados
Dithmenos
Fedhas
Gozag
Okawaru
Pakellas
Qazlal
Trog
Vehumet

Shops:
D:4 *((

Annotations:
D:6 exclusions: oklob plant and statue


Innate Abilities, Weirdness & Mutations

You have a pair of antennae on your head.
You are slightly more attuned to the shadows.
You are mostly covered in sharp spines.


Message History

You hear a splash.
The centaur shoots an arrow.
The arrow closely misses you.
The centaur shoots an arrow.
The arrow hits you.
* * * LOW HITPOINT WARNING * * *
You hear a splash.
The centaur shoots an arrow.
The arrow hits you but does no damage.
You hear a splash.
The centaur shoots an arrow.
The arrow misses you.
Drink which item? (? for menu, Esc to quit)
You feel very buoyant.
You fly up into the air.
The centaur shoots an arrow.
The arrow barely misses you.
The centaur shoots an arrow.
The arrow misses you.
The centaur shoots an arrow.
The arrow misses you.
You hear a splash.
The centaur shoots an arrow.
The arrow hits you but does no damage.
You hear a splash.
The centaur shoots an arrow.
The arrow barely misses you.
You hear a splash.
The centaur shoots an arrow.
The arrow hits you!
You die...

#.......#
#.......#
#.......#
##......# #######
##.###### ##
#.....##≈#.#
#≈##.c_c.#≈≈#.#
#≈≈#≈≈≈c≈≈≈##.#
#≈≈c≈@≈≈≈≈# #.#
##≈(≈((≈≈≈# #.#
##≈≈≈≈(≈## #.#
#≈≈≈(≈(# #.# {
#.((((.# #.#
####.######.#
#........########
########.........
##########


You could see 4 centaurs.

Vanquished Creatures
  Sigmund (D:3)
  2 hippogriffs
  A water moccasin (D:4)
  A black bear (D:6)
  A sky beast (D:5)
  An ice beast (D:6)
  An ogre (D:7)
  3 centaurs (D:6)
  A phantom (D:7)
  2 giant frogs (D:7)
  A water moccasin zombie (D:7)
  3 scorpions
  10 wights
  2 howler monkeys (D:5)
  A crimson imp (D:5)
  2 centaur zombies (D:7)
  A giant frog zombie (D:7)
  2 hounds (D:4)
  3 jellies
  An orc priest (D:4)
  A gnoll shaman (D:5)
  A centaur skeleton (D:4)
  2 iguanas
  Ijyb (D:3)
  Terence (D:3)
  5 worker ants
  Natasha (thrice) (D:3)
  3 orc wizards
  A hound zombie (D:7)
  7 gnolls
  12 adders
  2 shadow imps
  11 oozes
  2 adder skeletons (D:7)
  2 dart slugs
  5 worms
  5 giant geckos
  23 orcs
  A giant cockroach (D:4)
  3 goblins
  5 hobgoblins
  10 jackals
  8 bats
  5 giant newts
  7 kobolds
  A quokka zombie (D:5)
  9 rats
176 creatures vanquished.

Vanquished Creatures (others)
  4 fungi (D:6)
4 creatures vanquished.

Grand Total: 180 creatures vanquished

Notes
Turn   | Place    | Note
--------------------------------------------------------------
     0 | D:1      | Kloppie the Demonspawn Berserker began the quest for the Orb.
     0 | D:1      | Reached XP level 1. HP: 18/18 MP: 1/1
   306 | D:1      | Gained mutation: You have a pair of small antennae on your head. [demonic ancestry]
   306 | D:1      | Reached XP level 2. HP: 18/24 MP: 2/2
   920 | D:2      | Gained mutation: You are partially covered in sharp spines. [demonic ancestry]
   920 | D:2      | Reached XP level 3. HP: 28/29 MP: 3/3
   935 | D:2      | Found an oddly glowing altar of Pakellas.
   966 | D:2      | Reached ** piety under Trog
  1391 | D:2      | Reached XP level 4. HP: 37/37 MP: 4/4
  2042 | D:3      | Found a stormy altar of Qazlal.
  2055 | D:3      | Noticed Terence
  2069 | D:3      | Killed Terence
  2407 | D:3      | Noticed Sigmund
  2418 | D:3      | Killed Sigmund
  2418 | D:3      | Reached skill level 5 in Fighting
  2418 | D:3      | Reached XP level 5. HP: 44/44 MP: 5/5
  2418 | D:3      | Gained mutation: You are mostly covered in sharp spines. [demonic ancestry]
  2418 | D:3      | Reached XP level 6. HP: 51/51 MP: 6/6
  2484 | D:3      | Noticed Natasha
  2484 | D:3      | Noticed Ijyb
  2493 | D:3      | Killed Natasha
  2500 | D:3      | Killed Ijyb
  2500 | D:3      | Reached skill level 5 in Polearms
  2606 | D:3      | Noticed Natasha
  2610 | D:3      | Killed Natasha
  2634 | D:3      | Noticed Natasha
  2641 | D:3      | Killed Natasha
  2641 | D:3      | Reached *** piety under Trog
  2774 | D:4      | Noticed a water moccasin
  2780 | D:4      | Killed a water moccasin
  2787 | D:4      | Reached XP level 7. HP: 43/58 MP: 7/7
  2863 | D:4      | Noticed a hippogriff
  2870 | D:4      | Killed a hippogriff
  3413 | D:4      | Found Yxyr's Antique Weapon Shoppe.
  3419 | D:4      | Bought a runed trident for 101 gold pieces
  3550 | D:4      | Found a snail-covered altar of Cheibriados.
  3597 | D:4      | Found Yffycs Qudgh's Assorted Antiques.
  3606 | D:4      | Bought 2 bubbling orange potions for 50 gold pieces
  3705 | D:4      | Found an iron altar of Okawaru.
  3812 | D:4      | Found Gukest's Antique Weapon Shop.
  3965 | D:4      | Gained mutation: You are slightly more attuned to the shadows. [demonic ancestry]
  3965 | D:4      | Reached XP level 8. HP: 56/67 MP: 8/8
  4159 | D:5      | Entered Level 5 of the Dungeon
  4336 | D:5      | Reached **** piety under Trog
  4750 | D:5      | Found a staircase to the Ecumenical Temple.
  4878 | D:5      | Found a shadowy altar of Dithmenos.
  5297 | D:6      | Found an opulent altar of Gozag.
  5514 | D:6      | Gained mutation: You have a pair of antennae on your head. [demonic ancestry]
  5514 | D:6      | Reached XP level 9. HP: 75/75 MP: 9/9
  5626 | D:6      | Found a radiant altar of Vehumet.
  6083 | D:6      | Noticed an oklob plant
  6106 | D:6      | Reached ***** piety under Trog
  6184 | D:7      | Found a blossoming altar of Fedhas.
  6850 | D:7      | Found a bloodstained altar of Trog.
  6856 | D:7      | HP: 2/76 [centaur/arrow (4)]
  6858 | D:7      | Shot with an arrow by a centaur

Skill      XL: |  1  2  3  4  5  6  7  8  9 |
---------------+----------------------------+-----
Polearms       | 3 4 5 6 8 9 |  9.3
Fighting       | 4 5 6 7 8 9 |  9.0
Armour         | 4 |  4.3
Dodging        | |  1.7

Action                   |  1- 3 |  4- 6 |  7- 9 || total
-------------------------+-------+-------+-------++-------
Melee: Spear             |   120 |   130 |    65 ||   315
       Trident           |       |       |   315 ||   315
Invok: Berserk           |     2 |     2 |     1 ||     5
       Trog's Hand       |       |     1 |     1 ||     2
  Use: Scroll            |     2 |     3 |     6 ||    11
       Potion            |       |       |     2 ||     2
 Stab: Sleeping          |     1 |       |       ||     1
  Eat: Chunk             |     3 |     7 |    13 ||    23
Armor: Animal skin       |     8 |       |       ||     8
       Ring mail         |    16 |     7 |       ||    23
       Scale mail        |       |    14 |    85 ||    99
Dodge: Dodged            |    53 |    40 |   120 ||   213
